 Dungeon Crawl Stone Soup version 0.28-a0-317-g21599a725c (webtiles) character file.

Game seed: 13970571807274780341

303380 Majang the Severer (level 22, -3/175 HPs)
             Began as a Formicid Fighter on Sept 1, 2021.
             Was the Champion of Okawaru.
             Killed from afar by an ironbound frostheart (21 damage)
             ... by creeping frost
             ... on level 1 of the Vaults.
             The game lasted 04:12:34 (43354 turns).

Majang the Severer (Formicid Fighter)              Turns: 43354, Time: 04:12:35

Health: -3/175     AC: 26    Str: 27    XL:     22   Next: 0%
Magic:  36/40      EV: 15    Int:  9    God:    Okawaru [******]
Gold:   1128       SH: 22    Dex: 10    Spells: 21/21 levels left

rFire   + + .      SeeInvis +   a - +6 executioner's axe (flame)
rCold   + . .      Faith    .   T - +2 tower shield
rNeg    + + .      Spirit   .   g - +1 chain mail of Misanthropy {Harm rF+ rC+ Int+2}
rPois   .          Reflect  .   (helmet unavailable)
rElec   +          Harm     +   U - +1 cloak "Qoanlag" {rElec rC- Regen+ Stlth+}
rCorr   +          Rampage  .   G - +2 pair of gloves {archery}
Will    +++++      Clarity  +   e - +1 pair of boots
Stlth   +.........              N - amulet of the Four Winds {rN+ Will+++ Clar}
HPRegen 1.39/turn               f - ring of protection from fire
MPRegen 0.27/turn               X - ring of Ahyxoj {rC+ rN+ rCorr MP+9 Int-5}

@: heroic, finesse-ful, frozen, very slow
A: permanent stasis, dig shafts and tunnels, antennae 3, four strong arms
}: 2/15 runes: barnacled, gossamer
a: Dig, Shaft Self, Renounce Religion, Heroism, Finesse, Duel


You were on level 1 of the Vaults.
You worshipped Okawaru.
Okawaru was exalted by your worship.
You visited 8 branches of the dungeon, and saw 35 of its levels.
You visited 1 bazaar.

You collected 3943 gold pieces.
You spent 2815 gold pieces at shops.

Inventory:

Hand Weapons
 a - a +6 executioner's axe of flaming (weapon)
 b - the +9 heavy crossbow "Sniper" {vorpal, Acc+∞ SInv}
   (Okawaru gifted it to you on level 3 of the Spider Nest)

   Any ammunition fired from it inflicts extra damage upon your enemies.
   Any ammunition fired from it never misses its target.
   SInv:      It lets you see invisible.
 m - a +0 executioner's axe of holy wrath
 t - the +8 arbalest of Avogeb {penet, +Blink rPois rC- Stlth+}
   (Okawaru gifted it to you on level 4 of the Spider Nest)

   Any ammunition fired by it passes through the targets it hits, potentially
   hitting all targets in its path until it reaches maximum range.
   rC:        It makes you vulnerable to cold.
   rPois:     It protects you from poison.
   +Blink:    It lets you blink.
   Stlth:     It makes you more stealthy.
 J - the +10 broad axe of Instinct {vorpal, Dex+3}
   (You found it on level 3 of the Shoals)

   It inflicts extra damage upon your enemies.
   Dex:       It affects your dexterity (+3).
 Q - the +7 battleaxe of the Big Fish {freeze, rPois}
   (Okawaru gifted it to you on level 4 of the Lair of Beasts)

   It freezes those it strikes, dealing additional cold damage.
   It can also slow down cold-blooded creatures.
   rPois:     It protects you from poison.
Missiles
 j - 597 bolts
Armour
 e - a +1 pair of boots (worn)
 g - the +1 chain mail of Misanthropy (worn) {Harm rF+ rC+ Int+2}
   (You took it off an orc knight on level 1 of the Orcish Mines)

   Int:       It affects your intelligence (+2).
   rF:        It protects you from fire.
   rC:        It protects you from cold.
   Harm:      It increases damage dealt and taken.
 G - a +2 pair of gloves of archery (worn)
 M - a scarf of resistance
 T - a +2 tower shield (worn)
 U - the +1 cloak "Qoanlag" (worn) {rElec rC- Regen+ Stlth+}
   (You bought it in a shop on level 2 of the Orcish Mines)

   rC:        It makes you vulnerable to cold.
   rElec:     It insulates you from electricity.
   Regen:     It increases your rate of health regeneration.
   Stlth:     It makes you more stealthy.
Jewellery
 f - a ring of protection from fire (left hand)
 y - an amulet of the acrobat
 N - the amulet of the Four Winds (around neck) {rN+ Will+++ Clar}
   (You took it off a merfolk impaler on level 4 of the Shoals)

   [amulet of nothing]

   rN:        It protects you from negative energy.
   Clar:      It protects you against confusion.
   Will:      It greatly increases your willpower.
 X - the ring of Ahyxoj (right hand) {rC+ rN+ rCorr MP+9 Int-5}
   (You found it on level 14 of the Dungeon)

   [ring of magical power]

   Int:       It affects your intelligence (-5).
   rC:        It protects you from cold.
   rN:        It protects you from negative energy.
   MP:        It affects your magic capacity (+9).
   rCorr:     It protects you from acid and corrosion.
Wands
 l - a wand of acid (13)
 w - a wand of flame (125)
 I - a wand of iceblast (4)
Scrolls
 d - a scroll of silence
 v - 3 scrolls of magic mapping
 D - a scroll of identify
 E - 3 scrolls of fear
 F - a scroll of enchant armour
 L - 3 scrolls of immolation
 P - 2 scrolls of fog
Potions
 c - 2 potions of magic
 i - 4 potions of invisibility
 k - 4 potions of resistance
 n - 5 potions of cancellation
 o - 22 potions of curing
 p - 7 potions of ambrosia
 r - 2 potions of might
 u - 4 potions of flight
 z - 9 potions of heal wounds
 C - 3 potions of lignification
 H - 4 potions of attraction
Miscellaneous
 h - a phial of floods
 R - a lightning rod (4/4)


   Skills:
 + Level 15.3(20.3) Fighting
 * Level 20.4(25.4) Axes
 + Level 13.8(18.8) Crossbows
 + Level 15.3(20.3) Armour
 + Level 12.2(17.2) Dodging
 - Level 15.0(20.0) Shields
 - Level 13.0 Invocations


You had 21 spell levels left.
You didn't know any spells.
Your spell library contained the following spells:

 Spells                   Type           Power      Damage    Failure   Level
 Apportation              Tloc           0%         N/A       75%         1
 Corona                   Hex            0%         N/A       75%         1
 Foxfire                  Conj/Fire      0%         2x1d4     75%         1
 Sting                    Tmut/Pois      0%         1d3       75%         1
 Corpse Rot               Necr/Air       N/A        N/A       87%         2
 Ensorcelled Hibernation  Hex/Ice        0%         N/A       87%         2
 Poisonous Vapours        Pois/Air       0%         N/A       87%         2
 Searing Ray              Conj           0%         3d3       87%         2
 Slow                     Hex            0%         N/A       87%         2
 Sublimation of Blood     Necr           0%         N/A       87%         2
 Confusing Touch          Hex            0%         N/A       98%         3
 Conjure Flame            Conj/Fire      0%         6-21      98%         3
 Dazzling Flash           Conj/Hex       0%         N/A       98%         3
 Inner Flame              Hex/Fire       0%         N/A       98%         3
 Lesser Beckoning         Tloc           0%         N/A       98%         3
 Ozocubu's Armour         Ice            0%         N/A       98%         3
 Portal Projectile        Hex/Tloc       0%         N/A       98%         3
 Spider Form              Tmut/Pois      0%         N/A       98%         3
 Stone Arrow              Conj/Erth      0%         3d7       98%         3
 Vampiric Draining        Necr           0%         2d6       98%         3
 Iskenderun's Mystic Bla  Conj/Tloc      0%         2d3       100%        4
 Leda's Liquefaction      Hex/Erth       0%         N/A       100%        4
 Olgreb's Toxic Radiance  Pois           0%         N/A       100%        4
 Passage of Golubria      Tloc           N/A        N/A       100%        4
 Petrify                  Tmut/Erth      0%         N/A       100%        4
 Bolt of Magma            Conj/Fire/Erth 0%         4d4       100%        5
 Fireball                 Conj/Fire      0%         3d3       100%        5
 Freezing Cloud           Conj/Ice/Air   0%         6-21      100%        5
 Irradiate                Conj/Tmut      0%         3d13      100%        5
 Manifold Assault         Tloc           0%         N/A       100%        5
 Yara's Violent Unravell  Hex/Tmut       0%         3d3       100%        5
 Dispersal                Tloc           0%         N/A       100%        6
 Iron Shot                Conj/Erth      0%         9d1       100%        6
 Starburst                Conj/Fire      0%         6d3       100%        6
 Orb of Destruction       Conj           0%         N/A       100%        7
 Ozocubu's Refrigeration  Ice            0%         4d5       100%        7
 Disjunction              Tloc           0%         N/A       100%        8
 Shatter                  Erth           0%         3d5*      100%        9
 Animate Skeleton         Necr           Unusable   N/A       N/A         1
 Summon Small Mammal      Summ           Unusable   N/A       N/A         1
 Blink                    Tloc           Unusable   N/A       N/A         2
 Call Canine Familiar     Summ           Unusable   N/A       N/A         3
 Summon Guardian Golem    Hex/Summ       Unusable   N/A       N/A         3
 Tukima's Dance           Hex            Unusable   N/A       N/A         3
 Summon Cactus Giant      Summ           Unusable   N/A       N/A         6

Dungeon Overview and Level Annotations

Branches:
Dungeon (15/15)            Temple (1/1) D:7            Lair (6/6) D:8
 Shoals (4/4) Lair:3       Spider (4/4) Lair:4        Slime (0/5) Lair:5
    Orc (2/2) D:12            Elf (2/3) Orc:2        Vaults (1/5) D:13
 Depths (0/5) D:15

Altars:
Ashenzari
Cheibriados
Dithmenos
Elyvilon
Fedhas
Gozag
Hepliaklqana
Kikubaaqudgha
Makhleb
Nemelex Xobeh
Okawaru
Qazlal
Ru
Sif Muna
Trog
Uskayaw
Vehumet
Wu Jian
Xom
Yredelemnul
Zin
The Shining One
Beogh
Jiyva

Shops:
D:1 [?*[   D:3 !   D:5 **(   Orc:2 :*[(   Elf:1 :(!*   Elf:2 (   Shoals:3 [


Innate Abilities, Weirdness & Mutations

You cannot be hasted, slowed, berserked, paralysed or teleported.
You can dig through walls and to a lower floor.
You have a pair of large antennae on your head. (SInv)
Your four strong arms can wield two-handed weapons with a shield.


Message History

The deep troll changes into a ghost moth!
You block the yaktaur captain's attack.
You barely miss the yaktaur captain.
The yaktaur captain is moderately wounded.
You slice the white very ugly thing!! You burn the white very ugly thing!
You slice the sphinx!! You burn the sphinx.
The boulder beetle leaps!
The ironbound frostheart calls freezing cold from the walls.
The frost grips you!! You partially resist.
You chop the yaktaur captain into pieces!!!
You burn the yaktaur captain!!
You kill the yaktaur captain!
Okawaru accepts your kill.
You barely miss the sphinx. You slash the white very ugly thing!
You burn the white very ugly thing.
The sphinx casts a spell.
Something smites you!
The vault sentinel blows a loud note on a signal horn!
You block the white very ugly thing's attack.
You have reached level 22!
The ghost moth changes into an ice dragon!
The ironbound preserver gestures wildly while chanting.
The ironbound preserver begins to accept its allies' injuries.
The ironbound convoker gestures at the stone giant while chanting.
The stone giant seems to grow stronger.
You block the sphinx's attack. The sphinx hits you.
The sphinx hits you but does no damage.
There is an open door, spattered with blood here.
Items here: ( )))) ††.
The ice encasing you melts away.
The ironbound frostheart calls freezing cold from the walls.
The frost grips you!! You partially resist.
* * * LOW HITPOINT WARNING * * *
You are encased in ice.
Electricity crackles from the ironbound thunderhulk's apparatus.
The bolt of lightning hits you! You resist.
* * * LOW HITPOINT WARNING * * *
The ironbound convoker casts a spell at the ironbound frostheart.
The ironbound frostheart seems to grow stronger.
The ironbound frostheart calls freezing cold from the walls.
The frost grips you!! You partially resist.
You die...

...#......##########
...#......# ####......#
..##......#
..####'################++#
.........................#
.........................#
.........................#
)...............@........#
..###############u########
..########### #.pC..#
..#.........# ##c.Q##
..#.........# #p.O# {
..#.........#


##uCD { ..#.........# #.ppp ..#.........# .pc..# ..#...>.....# .....# You could
see an ironbound preserver, 2 very ugly things, an ice dragon shaped shifter
(sheltered), a stone giant (strong, sheltered), an ironbound thunderhulk
(sheltered), a tengu reaver (sheltered), a yaktaur captain (sheltered), an ettin
(sheltered), 3 ironbound frosthearts, a centaur warrior (sheltered), a vault
sentinel (sheltered, catching breath) and an ironbound convoker (sheltered).

Vanquished Creatures
  Arachne (Spider:2)
  Jorgrun (Shoals:1)
  Mlioglotl (Shoals:1)
  Rupert (D:14)
  A deep elf blademaster (Elf:2)
  Asterion (Lair:4)
  6 krakens
  A sphinx (D:13)
  An acid blob (Lair:5)
  A shadow dragon (D:13)
  Donald (Lair:4)
  A storm dragon (D:13)
  Ilsuiw (Shoals:3)
  A deep elf sorcerer (Elf:1)
  3 frost giants
  6 ghost moths
  4 fire giants
  The ghost of feta the Cruncher, an adept GrGl of the Shining One (Arena)
  Aizul (Spider:2)
  5 emperor scorpions (Spider:4)
  An orc warlord (Orc:2)
  2 ironbound preservers (Vaults:1)
  A stone giant (Shoals:1)
  2 very ugly things (Vaults:1)
  An entropy weaver (Spider:4)
  2 spark wasps (Spider:4)
  A deep elf annihilator (Elf:1)
  2 dire elephants (Vaults:1)
  The ghost of Gaeratarr the Martial Artist, a journeyman DgTm (Lair:4)
  3 merfolk javelineers (Shoals:4)
  2 deep elf death magi
  A yaktaur captain (Vaults:1)
  A fire dragon (Lair:6)
  An ettin (D:13)
  10 merfolk impalers
  An ironbound thunderhulk (Vaults:1)
  4 boulder beetles
  13 hydras
  3 ogre magi
  2 alligator snapping turtles (Shoals:4)
  2 ironbound frosthearts (Vaults:1)
  4 death knights
  13 two-headed ogres
  14 centaur warriors
  25 dancing weapons
  A deep troll earth mage (D:13)
  An ironbound beastmaster (Vaults:1)
  4 tengu warriors
  4 death yaks (Lair:6)
  2 merfolk aquamancers
  6 satyrs
  5 orc high priests
  A shock serpent (shapeshifter) (D:13)
  10 deep elf knights
  Sonja (D:13)
  3 skeletal warriors (D:15)
  2 spriggans (Lair:4)
  7 sea snakes
  8 deep trolls (Vaults:1)
  5 spectral wolf spiders (Spider:2)
  A swamp dragon (Lair:6)
  5 deep elf archers (Elf:1)
  2 ironbound convokers (Vaults:1)
  A lindwurm (Lair:6)
  3 wolf spider zombies (Spider:2)
  11 orc knights
  13 harpies
  3 wizards
  A phantasmal warrior (D:15)
  14 deep elf zephyrmancers
  17 orb spiders
  6 orc sorcerers
  39 wolf spiders
  19 deep elf pyromancers
  4 oklob plants (Lair:6)
  3 moths of wrath
  7 cyclopes
  18 manticores
  12 fauns
  23 ugly things
  10 elephants
  11 black mambas
  2 vault sentinels (Vaults:1)
  Maurice (D:8)
  3 water nymphs
  A guardian serpent (Lair:6)
  10 merfolk sirens
  3 centaur zombies
  2 torpor snails
  2 unseen horrors (D:13)
  Psyche (D:8)
  16 cane toads
  A yaktaur (Vaults:1)
  A freezing wraith (D:15)
  9 rime drakes
  A tengu conjurer (D:14)
  3 efreet (D:14)
  15 komodo dragons
  10 demonic crawlers
  2 kobold demonologists (D:14)
  A polar bear (shapeshifter) (D:14)
  6 trolls
  36 jumping spiders
  A tyrant leech (shapeshifter) (D:13)
  19 merfolk
  13 blink frogs
  3 wolf spider simulacra (Spider:2)
  17 hornets
  3 wind drakes
  A blink frog (shapeshifter) (D:13)
  4 polar bears
  11 slime creatures
  14 snapping turtles
  10 dream sheep
  68 redbacks
  13 tarantellas
  43 yaks
  2 air elementals
  19 wyverns
  8 water elementals
  A shadow (D:12)
  The ghost of papapa55 the Cudgeller, an amateur MiBe of Trog (D:6)
  Grum (D:8)
  2 wraiths
  2 fire elementals
  7 basilisks
  3 steam dragons
  8 vampire mosquitoes
  8 acid dragons
  33 water moccasins
  A hell hound (Lair:6)
  2 swamp drakes (Lair:6)
  38 orc warriors
  5 ice beasts
  A necrophage (D:6)
  14 ogres
  11 boggarts
  3 black bears
  12 centaurs
  21 wolves
  Blork the orc (D:4)
  3 kobold brigands
  5 gnoll sergeants
  A scorpion (D:8)
  14 bullfrogs
  A water moccasin zombie (D:7)
  A water moccasin skeleton (D:5)
  11 killer bees
  8 wights
  An electric eel (Lair:5)
  6 howler monkeys
  A bullfrog zombie (D:7)
  27 orc priests
  2 bullfrog skeletons
  3 hounds
  3 iron imps (D:5)
  A jelly (D:6)
  Jessica (D:2)
  4 hell rats (Lair:6)
  10 iguanas
  19 orc wizards
  3 howler monkey zombies
  9 gnolls
  A howler monkey skeleton (D:7)
  2 adders (D:5)
  3 shadow imps
  A white imp (D:6)
  An adder skeleton (D:4)
  2 worms
  2 dart slugs
  75 orcs
  A bat (D:3)
  6 endoplasms
  3 giant cockroaches
  7 goblins
  A hobgoblin (D:1)
  7 jackals
  2 quokkas
  2 ball pythons
  4 frilled lizards
  6 kobolds
  5 rats
  A bush (Lair:4)
  17 tentacles
1267 creatures vanquished.

Vanquished Creatures (others)
  A boggart (D:14)
  84 fungi
  422 plants
  2 starspawn tentacles (Shoals:1)
  28 tentacles
537 creatures vanquished.

Grand Total: 1804 creatures vanquished

Notes
Turn   | Place    | Note
-------+----------+-------------------------------------------
     0 | D:1      | Majang the Formicid Fighter began the quest for the Orb.
     0 | D:1      | Reached XP level 1. HP: 18/18 MP: 1/1
    11 | D:1      | Found a faded altar of an unknown god.
   279 | D:1      | Reached XP level 2. HP: 24/24 MP: 2/2
   543 | D:1      | Found Micsa's Magic Scroll Emporium.
   546 | D:1      | Bought a scroll of identify for 28 gold pieces
   547 | D:1      | Found Raal Atwe's General Store.
   572 | D:1      | Found Byagysha's Antique Armour Boutique.
   794 | D:1      | Found Qafoze's Antique Armour Emporium.
  1013 | D:2      | Noticed Jessica
  1027 | D:2      | Killed Jessica
  1028 | D:2      | Reached XP level 3. HP: 26/30 MP: 3/3
  1201 | D:2      | Reached skill level 3 in Axes
  1201 | D:2      | Reached XP level 4. HP: 37/37 MP: 4/4
  1932 | D:3      | You fall into a shaft and drop 1 floor!
  1932 | D:4      | Noticed an ice beast
  1958 | D:4      | Killed an ice beast
  1959 | D:4      | Reached skill level 1 in Crossbows
  1959 | D:4      | Reached XP level 5. HP: 38/42 MP: 5/5
  2108 | D:4      | Noticed Blork the orc
  2119 | D:4      | Killed Blork the orc
  2120 | D:4      | Reached skill level 4 in Axes
  2120 | D:4      | Reached XP level 6. HP: 25/48 MP: 6/6
  2343 | D:3      | Found Nailu's Distillery.
  2377 | D:3      | Bought a potion of flight for 33 gold pieces
  2377 | D:3      | Bought a potion of heal wounds for 55 gold pieces
  2903 | D:4      | Found a glowing silver altar of Zin.
  2903 | D:4      | Noticed an angel
  3118 | D:5      | Entered Level 5 of the Dungeon
  3209 | D:5      | Noticed an ice beast
  3225 | D:5      | Killed an ice beast
  3226 | D:5      | Reached XP level 7. HP: 55/55 MP: 7/7
  3244 | D:5      | Reached skill level 5 in Shields
  3251 | D:5      | Found a burning altar of Makhleb.
  3312 | D:5      | Found Kihuch's General Store.
  3315 | D:5      | Found Zodiusey's Specific Store.
  3374 | D:5      | Found Ymicaij's Antique Weapon Shop.
  3411 | D:5      | Reached skill level 5 in Axes
  3479 | D:5      | Reached skill level 5 in Fighting
  3479 | D:5      | Reached XP level 8. HP: 62/62 MP: 8/8
  3486 | D:5      | Reached skill level 5 in Armour
  3502 | D:5      | Found a bloodstained altar of Trog.
  3514 | D:5      | Reached skill level 6 in Axes
  3556 | D:5      | Found an ornate altar of the Wu Jian Council.
  3557 | D:5      | Found a white marble altar of Elyvilon.
  3788 | D:5      | Noticed a yak
  3811 | D:5      | Reached XP level 9. HP: 69/69 MP: 9/9
  4088 | D:6      | Reached skill level 7 in Axes
  4132 | D:6      | Found a runed translucent door.
  4139 | D:6      | Noticed papapa55's ghost (amateur MiBe)
  4158 | D:6      | Killed papapa55's ghost
  4627 | D:7      | Found a staircase to the Ecumenical Temple.
  4635 | Temple   | Entered the Ecumenical Temple
  5041 | D:7      | Reached skill level 8 in Axes
  5041 | D:7      | Reached XP level 10. HP: 77/77 MP: 10/10
  5339 | D:8      | Found a hazy altar of Hepliaklqana.
  5340 | D:8      | Found a shimmering altar of Xom.
  5341 | D:8      | Noticed a spectral ugly thing
  5354 | D:8      | Found a staircase to the Lair.
  5438 | D:8      | Reached skill level 5 in Crossbows
  5454 | D:8      | Noticed Grum
  5455 | D:8      | Noticed Psyche
  5464 | D:8      | Reached skill level 1 in Dodging
  5482 | D:8      | Killed Psyche
  5488 | D:8      | Killed Grum
  5777 | D:8      | Reached skill level 9 in Axes
  5909 | D:8      | Noticed Maurice
  6098 | D:8      | Killed Maurice
  6099 | D:8      | Reached XP level 11. HP: 22/84 MP: 11/11
  6644 | D:1      | Bought a scroll of brand weapon for 280 gold pieces
  6856 | D:9      | Noticed a two-headed ogre
  6886 | D:9      | Killed a two-headed ogre
  6947 | D:9      | Noticed a tengu warrior
  6960 | D:9      | Killed a tengu warrior
  7006 | D:9      | Noticed a centaur warrior
  7008 | D:9      | Noticed a two-headed ogre
  7015 | D:9      | Killed a centaur warrior
  7017 | D:9      | Noticed a deep elf pyromancer
  7021 | D:9      | Killed a two-headed ogre
  7022 | D:9      | Reached skill level 10 in Axes
  7037 | D:9      | Killed a deep elf pyromancer
  7179 | D:9      | Found an ancient bone altar of Kikubaaqudgha.
  7399 | D:9      | Noticed a death knight
  7428 | D:10     | Entered Level 10 of the Dungeon
  7431 | D:10     | You fall into a shaft and drop 1 floor!
  7431 | D:11     | Noticed a two-headed ogre
  7447 | D:11     | Killed a two-headed ogre
  8047 | D:10     | Found a hide-covered altar of Uskayaw.
  8088 | D:10     | Found a sparkling altar of Nemelex Xobeh.
  8097 | D:10     | Found an iron altar of Okawaru.
  8106 | D:10     | Found a stormy altar of Qazlal.
  8113 | D:10     | Found an opulent altar of Gozag.
  8125 | D:10     | Became a worshipper of Warmaster Okawaru
  8756 | Lair:1   | Entered Level 1 of the Lair of Beasts
  8835 | Lair:1   | Reached skill level 1 in Invocations
  8835 | Lair:1   | Reached XP level 12. HP: 39/94 MP: 12/12
  9129 | Lair:1   | Reached * piety under Okawaru
  9259 | Lair:1   | Reached ** piety under Okawaru
  9578 | Lair:1   | Noticed a five-headed hydra
  9590 | Lair:1   | Killed a one-headed hydra
  9651 | Lair:1   | Reached skill level 11 in Axes
  9813 | Lair:2   | Reached *** piety under Okawaru
  9866 | Lair:2   | Reached skill level 10 in Shields
 10059 | Lair:2   | Noticed a six-headed hydra
 10072 | Lair:2   | Killed a one-headed hydra
 10073 | Lair:2   | Reached skill level 5 in Dodging
 10618 | Lair:3   | Reached **** piety under Okawaru
 10662 | Lair:3   | Noticed a five-headed hydra
 10676 | Lair:3   | Killed a one-headed hydra
 10677 | Lair:3   | Reached XP level 13. HP: 95/101 MP: 16/16
 10830 | Lair:3   | Noticed a four-headed hydra
 10845 | Lair:3   | Killed a one-headed hydra
 10845 | Lair:3   | Received a gift from Okawaru
 10897 | Lair:3   | Found a staircase to the Shoals.
 11012 | Lair:3   | Reached ***** piety under Okawaru
 11062 | Lair:3   | Reached skill level 5 in Invocations
 11660 | D:8      | Reached skill level 12 in Axes
 11868 | D:1      | Bought a transparent chain mail for 180 gold pieces
 11868 | D:1      | Identified the +0 chain mail of Mutualism {rPois Stlth+}
                  | (You bought it in a shop on level 1 of the Dungeon)
 11868 | D:1      | Bought a bronze scale mail for 171 gold pieces
 11868 | D:1      | Identified the +8 scale mail "Cuba Tah" {*Corrode rF+
                  | Will+++ Dex+4} (You bought it in a shop on level 1 of the
                  | Dungeon)
 12363 | Lair:4   | Received a gift from Okawaru
 12364 | Lair:4   | Reached skill level 10 in Fighting
 12364 | Lair:4   | Reached skill level 10 in Armour
 12374 | Lair:4   | Found a hole to the Spider Nest.
 12534 | Lair:4   | Identified the +7 battleaxe of the Big Fish {freeze, rPois}
                  | (Okawaru gifted it to you on level 4 of the Lair of Beasts)
 12534 | Lair:4   | Received a gift from Okawaru
 12812 | Lair:4   | Reached XP level 14. HP: 110/110 MP: 18/18
 12842 | Lair:4   | Received a gift from Okawaru
 13131 | Lair:4   | Identified the +6 trident of Accidental Termination {venom,
                  | Str+4 Int+4}
 13133 | Lair:4   | Found a runed translucent door.
 13136 | Lair:4   | Noticed Gaeratarr's ghost (journeyman DgTm)
 13453 | Lair:4   | Killed Gaeratarr's ghost
 13582 | Lair:5   | You fall into a shaft and drop 1 floor!
 13582 | Lair:6   | Entered Level 6 of the Lair of Beasts
 13732 | Lair:6   | Received a gift from Okawaru
 13895 | Lair:5   | Reached ****** piety under Okawaru
 13976 | Lair:5   | Found a runed translucent door.
 13992 | Lair:5   | Received a gift from Okawaru
 14016 | Lair:5   | Found a runed translucent door.
 14019 | Lair:5   | Found a viscous altar of Jiyva.
 14020 | Lair:5   | Noticed an acid blob
 14021 | Lair:5   | Found a staircase to the Slime Pits.
 14061 | Lair:5   | Reached skill level 13 in Axes
 14361 | Lair:5   | Found a basalt altar of Yredelemnul.
 14697 | Lair:5   | Killed an acid blob
 14932 | Lair:6   | Received a gift from Okawaru
 14989 | Lair:6   | Reached XP level 15. HP: 117/117 MP: 20/20
 15197 | Lair:6   | Received a gift from Okawaru
 15391 | Lair:6   | Received a gift from Okawaru
 15463 | Lair:6   | Received a gift from Okawaru
 15626 | Lair:6   | Received a gift from Okawaru
 16122 | Lair:6   | Reached skill level 14 in Axes
 16624 | D:1      | Bought a scroll of identify for 28 gold pieces
 16624 | D:1      | Bought a scroll of enchant armour for 105 gold pieces
 16624 | D:1      | Bought a scroll of magic mapping for 49 gold pieces
 16624 | D:1      | Bought a scroll of identify for 28 gold pieces
 16624 | D:1      | Bought a scroll of identify for 28 gold pieces
 16632 | D:1      | Bought 2 potions of curing for 78 gold pieces
 16724 | D:3      | Bought a potion of curing for 33 gold pieces
 16724 | D:3      | Bought a potion of curing for 33 gold pieces
 16724 | D:3      | Bought a potion of resistance for 110 gold pieces
 16724 | D:3      | Bought a potion of curing for 33 gold pieces
 16724 | D:3      | Bought a potion of resistance for 110 gold pieces
 16796 | D:5      | Bought a potion of curing for 36 gold pieces
 16796 | D:5      | Bought a scroll of identify for 24 gold pieces
 16796 | D:5      | Bought a scroll of fog for 24 gold pieces
 16796 | D:5      | Bought a scroll of fear for 42 gold pieces
 17098 | D:11     | Identified a scroll of acquirement
 17104 | D:11     | Acquired a manual of Axes
 17283 | D:11     | Identified the +5 leather armour "Joaror" {+Inv rElec rN+}
 17766 | D:12     | Found a staircase to the Orcish Mines.
 17784 | D:12     | Received a gift from Okawaru
 18093 | D:12     | Received a gift from Okawaru
 18327 | D:12     | You fall into a shaft and drop 2 floors!
 18366 | D:14     | Reached skill level 10 in Crossbows
 18385 | D:14     | Reached XP level 16. HP: 126/126 MP: 22/22
 18470 | D:13     | Noticed Sonja
 18480 | D:13     | Killed Sonja
 18480 | D:13     | Received a gift from Okawaru
 18533 | D:13     | Found a gate to the Vaults.
 18601 | D:13     | Found a flickering gateway to a bazaar.
 18612 | Bazaar   | Entered a bazaar
 18614 | Bazaar   | Found Wequn's Book Emporium.
 18625 | Bazaar   | Found Duplup's General Store.
 18636 | Bazaar   | Found Coagy's Magic Scroll Shoppe.
 18645 | Bazaar   | Found Ydeafum's Antique Armour Shoppe.
 18657 | Bazaar   | Found Ytrug's Antique Weapon Boutique.
 18699 | Bazaar   | Bought a glowing scarf for 128 gold pieces
 18709 | Bazaar   | Bought a glowing kite shield for 120 gold pieces
 18719 | Bazaar   | Bought a scroll of fog for 20 gold pieces
 18730 | Bazaar   | Bought 2 potions of curing for 78 gold pieces
 19037 | Orc:1    | Entered Level 1 of the Orcish Mines
 19150 | Orc:2    | Entered Level 2 of the Orcish Mines
 19319 | Orc:2    | Found a staircase to the Elven Halls.
 19480 | Orc:2    | Reached skill level 15 in Axes
 19772 | Orc:2    | Received a gift from Okawaru
 19873 | Orc:2    | Found Guast's General Store.
 19882 | Orc:2    | Found Lotz's Book Shop.
 19885 | Orc:2    | Found Toet's Antique Armour Shop.
 19885 | Orc:2    | Found Posuetzu's Antique Weapon Boutique.
 20276 | Orc:1    | Found a runed translucent gate.
 20276 | Orc:1    | Found a runed translucent gate.
 20276 | Orc:1    | Found a runed translucent gate.
 20286 | Orc:1    | Identified the +1 chain mail of Misanthropy {Harm rF+ rC+
                  | Int+2}
 20287 | Orc:1    | Noticed feta's ghost (adept GrGl)
 20879 | Arena    | Entered the Arena
 20894 | Arena    | Killed feta's ghost
 20894 | Arena    | Received a gift from Okawaru
 20993 | Orc:1    | Identified the +1 leather armour of the Lobster {+Blink
                  | rElec rPois Slay-6}
 21060 | Orc:2    | Bought a runed tower shield for 217 gold pieces
 21060 | Orc:2    | Bought a dazzling cloak for 275 gold pieces
 21060 | Orc:2    | Identified the +1 cloak "Qoanlag" {rElec rC- Regen+ Stlth+}
                  | (You bought it in a shop on level 2 of the Orcish Mines)
 21060 | Orc:2    | Bought a runed chain mail for 217 gold pieces
 21391 | Spider:1 | Entered Level 1 of the Spider Nest
 21391 | Spider:1 | Noticed Asterion
 21396 | Spider:1 | Noticed Donald
 21409 | Lair:4   | Killed Asterion
 21453 | Lair:4   | Identified the +11 demon trident of the Bespelling Sybil
                  | {pain, rPois Will+} (Okawaru gifted it to you on level 4 of
                  | the Lair of Beasts)
 21453 | Lair:4   | Received a gift from Okawaru
 21489 | Lair:4   | Killed Donald
 21490 | Lair:4   | Reached skill level 10 in Invocations
 21965 | Spider:2 | Reached skill level 16 in Axes
 22028 | Spider:2 | Reached XP level 17. HP: 133/133 MP: 6/24
 22036 | Spider:2 | Received a gift from Okawaru
 22297 | Spider:2 | Noticed Arachne
 22317 | Spider:2 | Killed Arachne
 22447 | Spider:2 | Noticed Aizul
 22465 | Spider:2 | Killed Aizul
 23451 | Spider:3 | Reached skill level 17 in Axes
 23523 | Spider:3 | Received a gift from Okawaru
 23871 | Spider:3 | Received a gift from Okawaru
 23871 | Spider:3 | Found the +9 heavy crossbow "Sniper" {vorpal, Acc+∞ SInv}
 24660 | Spider:3 | Reached XP level 18. HP: 142/142 MP: 26/26
 24664 | Spider:3 | Found the +2 ratskin cloak {*Rats rPois rN+ Str-1 Int-1
                  | Dex+1}
 24920 | Spider:4 | Entered Level 4 of the Spider Nest
 25082 | Spider:4 | Received a gift from Okawaru
 25382 | Spider:4 | Identified the +8 arbalest of Avogeb {penet, +Blink rPois
                  | rC- Stlth+} (Okawaru gifted it to you on level 4 of the
                  | Spider Nest)
 25382 | Spider:4 | Received a gift from Okawaru
 25691 | Spider:4 | Received a gift from Okawaru
 25717 | Spider:4 | Reached skill level 18 in Axes
 25718 | Spider:4 | Received a gift from Okawaru
 25844 | Spider:4 | Reached skill level 10 in Dodging
 25962 | Spider:4 | Received a gift from Okawaru
 26084 | Spider:4 | Got a gossamer rune of Zot
 26439 | Shoals:1 | Entered Level 1 of the Shoals
 26987 | Shoals:1 | Noticed Mlioglotl
 27008 | Shoals:1 | Killed Mlioglotl
 27926 | Shoals:1 | Noticed Jorgrun
 27933 | Shoals:1 | Killed Jorgrun
 27934 | Shoals:1 | Reached XP level 19. HP: 149/149 MP: 27/27
 28219 | Shoals:1 | Identified the +0 scale mail of the Vacuum {rElec rF+ MP-9
                  | Int+3} (Okawaru gifted it to you on level 1 of the Shoals)
 28219 | Shoals:1 | Received a gift from Okawaru
 29669 | Shoals:2 | Identified the +2 leather armour of Beyond {Dex+7}
 30556 | Shoals:3 | Found Rept's Armour Shoppe.
 30706 | Shoals:3 | Identified the +10 broad axe of Instinct {vorpal, Dex+3}
 31031 | Shoals:4 | Entered Level 4 of the Shoals
 31429 | Shoals:4 | Noticed Ilsuiw
 32154 | Shoals:3 | Killed Ilsuiw
 32441 | Shoals:4 | Identified the +0 pair of gloves of Day {rElec} (Okawaru
                  | gifted it to you on level 4 of the Shoals)
 32441 | Shoals:4 | Received a gift from Okawaru
 32689 | Shoals:4 | Reached skill level 15 in Shields
 32767 | Shoals:4 | Got a barnacled rune of Zot
 34087 | Shoals:4 | Reached XP level 20. HP: 158/158 MP: 29/29
 34640 | D:13     | Found a shimmering altar of Xom.
 34640 | D:13     | Found a shimmering altar of Xom.
 35031 | D:13     | You are sucked into a shaft and drop 1 floor!
 35040 | D:13     | Found a shimmering altar of Xom.
 35040 | D:13     | Found a shimmering altar of Xom.
 35040 | D:13     | Found a shimmering altar of Xom.
 35145 | D:13     | Found a runed translucent door.
 35209 | D:13     | You are sucked into a shaft and drop 1 floor!
 35690 | D:13     | Reached skill level 19 in Axes
 36167 | D:13     | Identified the +8 dagger of Ifag {holy, rC++ Dex+2}
 36172 | D:13     | Identified the +4 halberd "Vicoph" {freeze, *Corrode Int+7}
 36307 | D:14     | Noticed Rupert
 36327 | D:14     | Killed Rupert
 37603 | D:14     | Received a gift from Okawaru
 37794 | D:14     | Identified the ring "Cilikhli" {Wiz Dex+2}
 37830 | D:14     | Identified the +1 chain mail of Parts Unknown {+Inv Will+
                  | Int+6 Dex-5}
 37832 | D:14     | Identified the +1 robe of Hangman {rC+ Stlth+}
 37851 | D:14     | Identified the ring of Ahyxoj {rC+ rN+ rCorr MP+9 Int-5}
 38023 | D:15     | Entered Level 15 of the Dungeon
 38261 | D:15     | Received a gift from Okawaru
 38408 | D:15     | Found a staircase to the Depths.
 38642 | D:15     | Received a gift from Okawaru
 39552 | Elf:1    | Entered Level 1 of the Elven Halls
 39566 | Elf:1    | Found Fassuqib's Weapon Shop.
 39590 | Elf:1    | Found Pan Vaito's Assorted Antiques.
 39692 | Elf:1    | Found Ruuffink's Distillery.
 39704 | Elf:1    | Bought a potion of invisibility for 112 gold pieces
 39704 | Elf:1    | Bought a potion of heal wounds for 70 gold pieces
 39704 | Elf:1    | Bought a potion of heal wounds for 70 gold pieces
 39826 | Elf:1    | Found Owkean's Self-Improvement Boutique.
 40129 | Elf:1    | Got the Handbook of Combat Magic
 40200 | Elf:1    | Reached XP level 21. HP: 166/166 MP: 30/30
 40640 | Elf:2    | Found Vimo's Weapon Shoppe.
 40807 | Elf:2    | Found a runed translucent gate.
 40807 | Elf:2    | Found a runed translucent gate.
 40817 | Elf:2    | Found a runed translucent gate.
 41300 | Elf:2    | Received a gift from Okawaru
 41460 | Elf:2    | Reached skill level 20 in Axes
 41468 | Elf:2    | HP: 7/167 [+1 glaive of protection (24)]
 42272 | D:13     | Reached skill level 15 in Fighting
 42272 | D:13     | Reached skill level 15 in Armour
 42380 | Vaults:1 | Entered Level 1 of the Vaults
 43350 | Vaults:1 | Received a gift from Okawaru
 43353 | Vaults:1 | Reached XP level 22. HP: 66/175 MP: 31/31
 43354 | Vaults:1 | Killed from afar by an ironbound frostheart

Illustrated notes

Levels and vault maps discovered:
D:1:      dpeg_arrival_arbitrary_c, layout_loops_corners, serial_shops,
          nicolae_diamond_shop, nicolae_shop_waterfront, nicolae_shop_trees,
          nicolae_shop_behind_doors, ebering_ecumenical_altar_ruins,
          chequers_serial_rivers_large_b, kennysheep_doodads,
          minmay_pentomino_w4
D:2:      layout_basic, grunt_decor_resistance, minmay_misc_feat_rows,
          minivault_4, uniq_jessica
D:3:      layout_basic, serial_shops, shop_coins, minmay_misc_feat_x
D:4:      layout_gridville, zin_angel, feat_on_display, uniq_blork_the_orc
D:5:      minmay_clustersquares, layout_rooms, demons_altar,
          gammafunk_temple_overflow_statue, old_standard_altar, serial_shops,
          nicolae_shop_statue_plus, minmay_strange_pillars,
          nicolae_specific_store, kennysheep_generic_room_4
D:6:      layout_layer_cave, ebering_ghost_reflecting_pool, serial_glass,
          glass_columns_a, glass_columns_c, minmay_strange_pillars,
          minmay_strange_pillars, due_unseen_surprise, feat_on_display
D:7:      layout_rooms, minmay_temple_entry_gardened_gates,
          chequers_serial_rivers_small_a
D:8:      layout_loops_ring, regret_index_temple_of_mockery,
          due_lair_maze_entry_diamond, kennysheep_small_circle, uniq_grum,
          uniq_psyche, uniq_maurice
D:9:      layout_basic, nicolae_kikubaaqudgha_miasma_corner,
          small_chamber_with_monster, minmay_diamond_spiral
D:10:     layout_cave_pools, grunt_temple_overflow_cloverleaf,
          eat_drink_and_be_merry_uskayaw
D:11:     layout_stronghold, minivault_26
D:12:     layout_irregular_city, kennysheep_orc_monster_closet_entryway
D:13:     minmay_gate_of_8, layout_loops_corners, david_vaults_2, serial_shops,
          bzr_entry_safe, xom_shifter_show, uniq_sonja
D:14:     minmay_the_grid_plus_closed [minmay_the_grid_minigrid_small_alt,
          minmay_the_grid_minigrid_large, minmay_the_grid_medium_cups,
          minmay_the_grid_stretched_grid, minmay_the_grid_prize_trominoes],
          layout_stronghold, hangedman_abyss_or_decor_passed, uniq_rupert
D:15:     grunt_enter_depths_giant_problem, layout_basic,
          chequers_decorated_corner, chequers_arboretum
Temple:   pf_slime_end_temple
Lair:1:   layout_cave_pods, serial_bayou_shore_b
Lair:2:   layout_cellular_growth, grunt_megastairs_4
Lair:3:   layout_roguey, minmay_shoals_entry_beasts, grunt_megastairs_2
Lair:4:   layout_cave_pods, spider_nest_entry_web_field,
          ebering_ghost_funeral_grove
Lair:5:   layout_big_grid, slime_altar_2, basic_altar, pf_torpor_hydra,
          grunt_megastairs_1, serial_bayou_shore_a
Lair:6:   guppyfry_lair_end_dragon, layout_loops_ring,
          hangedman_lair_tendril_chambers, serial_rivers,
          chequers_serial_rivers_micro_b, chequers_serial_rivers_micro_e,
          chequers_serial_rivers_marsh, chequers_serial_rivers_small_3,
          chequers_serial_rivers_small_a, special_room
          [special_room_mythical_zoo], st_stairs_6, minmay_lair_oklob_chamber
Shoals:1: layout_shoals, overgrown_hall, uniq_mlioglotl, uniq_jorgrun
Shoals:2: layout_shoals
Shoals:3: layout_shoals, serial_shops, shop_fountains,
          nicolae_shoals_kraken_party
Shoals:4: shoals_end_grunt_garden, layout_shoals, shoal_ilsuiw
Spider:1: layout_spider_delve, uniq_asterion, uniq_donald
Spider:2: nicolae_spider_hilbert_zone_4 [nicolae_spider_hilbert_4_sides_2_open,
          nicolae_spider_hilbert_4_sides_1_open,
          nicolae_spider_hilbert_4_sides_1_open,
          nicolae_spider_hilbert_4_sides_1_open,
          nicolae_spider_hilbert_4_sides_1_open,
          nicolae_spider_hilbert_2_sides_1_open,
          nicolae_spider_hilbert_2_sides_1_open,
          nicolae_spider_hilbert_2_sides_1_open,
          nicolae_spider_hilbert_2_sides_1_open,
          nicolae_spider_hilbert_6_sides_1_open,
          nicolae_spider_hilbert_6_sides_1_open,
          nicolae_spider_hilbert_3_sides_1_open,
          nicolae_spider_hilbert_3_sides_1_open], nicolae_spider_circle_web,
          nicolae_spider_webs_and_nodes, nicolae_spider_undead_wolf_pack,
          uniq_arachne, uniq_aizul
Spider:3: layout_chambers, nicolae_spider_checkerboard
Spider:4: guppyfry_spider_rune
Orc:1:    layout_caves, biasface_ghost_orc_armoury, nicolae_orc_crystal_geode
Orc:2:    st_orc_congregation, layout_caves
Elf:1:    layout_loops_cross, serial_shops,
          nicolae_shop_competitors_out_of_business, shop, nicolae_shop_trees,
          minmay_elf_annihilation, st_stairs_9, nicolae_shop_self_help
Elf:2:    nicolae_elf_blades_splatter_lattice [nicolae_blade_entry_pointy_end],
          layout_geoelf_grid, serial_shops, nicolae_shop_window_shopping
Vaults:1: v_alt_pattern_2, vaults_standard_mumra_enter_the_diamond,
          dpeg_vaults_pockets_of_resistance, vaults_room_grid,
          nicolae_vaults_network_periphery, nicolae_vaults_little_squares_4,
          vaults_mumra_chevron_long, nicolae_vaults_sealed_display, v_misc_26,
          v_misc_8, grunt_vaults_hallway_short, nicolae_vaults_bisected_slash,
          serial_ice_m, layout_vaults_omnicross

Skill      XL: |  1  2  3  4  5  6  7  8  9 10 11 12 13 14 15 16 17 18 19 20 21 |
---------------+----------------------------------------------------------------+-----
Shields        | 4 5 6 7 8 9 10 11 12 13 14 15 | 15.0
Axes           | 3 4 5 6 8 9 10 11 12 13 14 16 17 18 19 20 | 20.4
Fighting       | 4 5 6 7 8 9 10 11 12 13 14 15 | 15.3
Crossbows      | 1 2 3 4 5 6 7 8 9 10 11 12 13 | 13.8
Armour         | 4 5 6 7 8 9 10 11 12 13 14 15 | 15.3
Dodging        | 2 4 5 6 7 8 9 10 11 12 | 12.2
Invocations    | 1 4 6 7 9 10 11 12 13 | 13.0

Action                   |  1- 3 |  4- 6 |  7- 9 | 10-12 | 13-15 | 16-18 | 19-21 | 22-24 || total
-------------------------+-------+-------+-------+-------+-------+-------+-------+-------++-------
Melee: War axe           |    59 |   127 |   232 |   708 |   200 |       |       |       ||  1326
       Hand axe          |       |       |       |    35 |    48 |       |       |       ||    83
       Battleaxe         |       |       |       |       |   623 |   748 |       |       ||  1371
       Executioner's axe |       |       |       |       |       |   338 |   656 |       ||   994
       Broad axe         |       |       |       |       |       |       |    66 |       ||    66
 Fire: Arbalest          |       |     8 |    18 |    12 |    60 |       |    20 |       ||   118
       Triple crossbow   |       |       |       |       |    62 |   107 |       |       ||   169
       Heavy crossbow    |       |       |       |       |       |    68 |   312 |       ||   380
Invok: Heroism           |       |       |       |       |     9 |    12 |    12 |       ||    33
       Finesse           |       |       |       |       |       |     5 |     9 |       ||    14
       Duel              |       |       |       |       |       |     1 |       |       ||     1
 Abil: Dig               |     1 |     1 |     9 |    16 |    25 |    31 |    15 |       ||    98
       Shaft Self        |       |       |       |     1 |       |       |     1 |       ||     2
Evoke: Wand              |       |       |     2 |     1 |     2 |     1 |     1 |       ||     7
       Lightning rod     |       |       |       |       |       |       |     1 |       ||     1
  Use: Scroll            |       |    11 |     1 |     6 |    15 |     7 |     1 |       ||    41
       Potion            |       |     1 |       |     3 |     1 |     3 |     3 |       ||    11
 Stab: Invisible         |       |       |       |     2 |       |       |       |       ||     2
       Distracted        |       |       |       |       |     2 |     1 |       |       ||     3
Armor: Scale mail        |    10 |       |       |       |   198 |    47 |       |       ||   255
       Chain mail        |    19 |    71 |   152 |   304 |    40 |   455 |   224 |     1 ||  1266
       Skin              |       |       |       |     2 |       |       |       |       ||     2
Dodge: Dodged            |    11 |    23 |    78 |   229 |   236 |   411 |   220 |       ||  1208
Block: Kite shield       |    25 |    52 |   114 |   275 |       |       |       |       ||   466
       Tower shield      |       |       |       |    93 |   568 |  1110 |   693 |     1 ||  2465

Table legend: (Time is in decaauts)
 A = Elapsed time spent in this place.
 B = Non-inter-level travel time spent in this place.
 C = Inter-level travel time spent in this place.
 D = Time resting spent in this place.
 E = Time spent auto-exploring this place.
 F = Levels seen in this place.
 G = Mean time per level.
                   A        B        C        D        E       F      G
               +--------+--------+--------+--------+--------+-----+--------+
         Total |  44052 |  39110 |   4942 |   7122 |  17823 |  37 | 1190.6 |
       Dungeon |  17435 |  14969 |   2466 |   1928 |   8408 |  15 | 1162.3 |
        Temple |    162 |    141 |     21 |      0 |     14 |   1 |  162.0 |
          Lair |   9016 |   7772 |   1244 |   1309 |   3371 |   6 | 1502.7 |
        Shoals |   6804 |   6609 |    195 |   2750 |   2224 |   4 | 1701.0 |
   Spider Nest |   4842 |   4436 |    406 |    512 |   1788 |   4 | 1210.5 |
  Orcish Mines |   2187 |   1856 |    331 |    121 |    623 |   2 | 1093.5 |
   Elven Halls |   2459 |   2183 |    276 |    345 |    944 |   2 | 1229.5 |
        Vaults |    947 |    947 |      0 |    121 |    449 |   1 |  947.0 |
        Bazaar |    144 |    144 |      0 |      0 |      0 |   1 |  144.0 |
         Arena |     52 |     52 |      0 |     34 |      0 |   1 |   52.0 |
               +--------+--------+--------+--------+--------+-----+--------+

Top non-repeatable levels by time:
Shoals:3: 2464 daAuts
    D:14: 2303 daAuts
  Lair:3: 1935 daAuts
Shoals:4: 1925 daAuts
  Lair:6: 1907 daAuts
    D:13: 1722 daAuts
     D:8: 1646 daAuts
Spider:3: 1632 daAuts
  Lair:4: 1573 daAuts
  Lair:1: 1549 daAuts
     D:1: 1548 daAuts
Spider:2: 1512 daAuts
   Orc:2: 1491 daAuts
   Elf:2: 1457 daAuts
Shoals:1: 1443 daAuts
